 Dungeon Crawl Stone Soup version 0.30-a0-49-g1cef19eb02 (webtiles) character file.

Game seed: 9067750033046615813

582 porpoise the Trooper (level 7, -3/57 HPs)
             Began as a Demonspawn Gladiator on Sept 3, 2022.
             Slain by an ogre
             ... wielding a +0 giant spiked club
              (13 damage)
             ... on level 4 of the Dungeon.
             The game lasted 00:14:26 (4409 turns).

porpoise the Trooper (Demonspawn Gladiator)         Turns: 4409, Time: 00:14:26

Health: -3/57      AC:  8    Str: 16    XL:     7   Next: 14%
Magic:  16/16      EV: 12    Int: 10    God:
Gold:   283        SH:  4    Dex: 20    Spells: 6/6 levels left

rFire   . . .      SeeInvis .    a - +0 trident
rCold   . . .      Faith    .    (no shield)
rNeg    . . .      Spirit   .    y - +0 ring mail
rPois   .          Reflect  .    (helmet restricted)
rElec   .          Harm     .    u - +2 cloak
rCorr   .          Rampage  .    (no gloves)
Will    .....                    (no boots)
Stlth   +.........               (no amulet)
HPRegen 0.19/turn                t - +6 ring of dexterity
MPRegen 0.15/turn                s - ring of magical power

@: no status effects
A: antennae 2, condensation shield
a: no special abilities


You were on level 4 of the Dungeon.
You visited 1 branch of the dungeon, and saw 4 of its levels.

You collected 283 gold pieces.

Inventory:

Hand Weapons
 a - a +0 trident (weapon)
 b - a +0 sling of freezing
Missiles
 d - 3 throwing nets
 e - a javelin
 l - a poisoned dart (quivered)
Armour
 u - a +2 cloak (worn)
 y - a +0 ring mail (worn)
Jewellery
 q - an amulet of guardian spirit
 s - a ring of magical power (right hand)
 t - a +6 ring of dexterity (left hand)
Wands
 r - a wand of charming (7)
Scrolls
 c - a scroll of fear {unknown}
 g - a scroll of noise {unknown}
 i - a scroll of identify
 j - a scroll of vulnerability {unknown}
 k - a scroll of teleportation {unknown}
 m - a scroll of immolation {unknown}
 o - 3 scrolls of enchant armour {unknown}
 p - a scroll of poison {unknown}
 x - a scroll of amnesia {unknown}
 A - a scroll of butterflies {unknown}
Potions
 f - 2 potions of ambrosia
 h - a potion of resistance
 n - 2 potions of berserk rage
 v - a potion of invisibility
 w - a potion of mutation
 z - a potion of magic


   Skills:
 + Level 5.7 Fighting
 + Level 5.6 Polearms
 - Level 1.7 Throwing
 - Level 2.6 Dodging


You had 6 spell levels left.
You didn't know any spells.
Your spell library contained the following spells:

 Spells                   Type           Power      Damage    Failure   Level
 Blink                    Tloc           0%         N/A       73%         2
 Static Discharge         Conj/Air       0%         3-3/arc   73%         2
 Gell's Gravitas          Tloc           0%         N/A       91%         3
 Lesser Beckoning         Tloc           0%         N/A       91%         3
 Teleport Other           Tloc           0%         N/A       91%         3
 Dispel Undead            Necr           0%         3d6       100%        4
 Sticky Flame             Conj/Fire      0%         2d3       100%        4
 Manifold Assault         Tloc           0%         N/A       100%        5
 Storm Form               Tmut/Air       0%         N/A       100%        7


Dungeon Overview and Level Annotations

Branches:
Dungeon (4/15)
 Temple: D:4-7

Altars:

Shops:
D:1 !!(([

Annotations:
D:3 3 runed translucent doors, Jeffwins's ghost, amateur HuHu


Innate Abilities, Weirdness & Mutations

You have a pair of antennae on your head.
A meltable shield of frost defends you. (SH +4)


Message History

* * * LOW HITPOINT WARNING * * *
You puncture the gnoll!
You kill the gnoll!
The gnoll misses you.
Things that are here:
a +1 flail of protection; a +0 whip You puncture the gnoll!
The gnoll is severely wounded.
The gnoll closely misses you.
You barely miss the gnoll.
The gnoll is severely wounded.
You hit the gnoll.
You kill the gnoll!
You start resting.
You feel a strong urge to attack something.
You start resting.
You feel your anger nearly subside.
You are no longer berserk.
You are exhausted.
You feel yourself slow down.
You start resting.
An ogre comes into view. It is wielding a +0 giant spiked club.
An ogre is nearby!
You feel yourself speed up.
You recover from your berserk rage.
You start resting.
An ogre is nearby!
You strike the helpless ogre from behind!
You hit the ogre.
The ogre is lightly wounded.
The ogre hits you with a +0 giant spiked club!
You hit the ogre.
The ogre is lightly wounded.
The ogre hits you with a +0 giant spiked club!!
* * * LOW HITPOINT WARNING * * *
You closely miss the ogre.
The ogre is lightly wounded.
You hit the ogre but do no damage.
The ogre is lightly wounded.
The ogre hits you with a +0 giant spiked club!
You die...

.# #.# #.##......##########
.#####.### #.#..........##.)...
.........# #.#.......##.##)####
......... #.#.......##.##...# ..
.... #.#.......##.####.# .#
#.#######.#.########....#.#
.#####.........#.#......)....#.#
............####)#.###########.#
................@#.............#
.##############O################
.)).........................
.#################..########
....... ............[... #######
#######.######## #.# #.# #.##


You could see an ogre.

Vanquished Creatures
  Sigmund (D:4)
  Blork the orc (D:4)
  A gnoll sergeant (D:4)
  A jelly (D:4)
  A hound (D:3)
  Robin (D:4)
  7 gnolls (D:4)
  3 adders
  A white imp (D:3)
  A worm (D:2)
  3 dart slugs
  An orc (D:4)
  4 ball pythons
  8 bats
  6 endoplasms
  6 giant cockroaches
  18 goblins
  14 hobgoblins
  A quokka (D:3)
  8 frilled lizards
  7 kobolds
  6 rats
100 creatures vanquished.

Notes
Turn   | Place    | Note
-------+----------+-------------------------------------------
     0 | D:1      | porpoise the Demonspawn Gladiator began the quest for the
                  | Orb.
     0 | D:1      | Reached XP level 1. HP: 16/16 MP: 1/1
    17 | D:1      | Found Ipseisses's Antique Weapon Shop.
    38 | D:1      | Found Ydaeng's Weapon Emporium.
   238 | D:1      | Gained mutation: You have a pair of small antennae on your
                  | head. [demonic ancestry]
   238 | D:1      | Reached XP level 2. HP: 21/23 MP: 2/2
   283 | D:1      | Found Udass's Armour Shoppe.
   540 | D:1      | Found a faded altar of an unknown god.
   667 | D:1      | Found Daezaare's Distillery.
   772 | D:1      | Found Ihopy's Distillery.
   880 | D:2      | Reached XP level 3. HP: 24/28 MP: 3/3
  1838 | D:3      | Gained mutation: You have a pair of antennae on your head.
                  | [demonic ancestry]
  1838 | D:3      | Reached XP level 4. HP: 27/35 MP: 4/4
  2000 | D:3      | Noticed a scorpion
  2002 | D:3      | Noticed Jeffwins's ghost (amateur HuHu)
  2003 | D:3      | Found a runed translucent gate.
  2003 | D:3      | Found a runed translucent gate.
  2003 | D:3      | Found a runed translucent gate.
  2852 | D:3      | Reached XP level 5. HP: 39/42 MP: 5/5
  2957 | D:4      | Noticed Robin
  2972 | D:4      | Killed Robin
  3031 | D:4      | Noticed Sigmund
  3066 | D:4      | Killed Sigmund
  3067 | D:4      | Gained mutation: A meltable shield of frost defends you.
                  | (SH +4) [demonic ancestry]
  3067 | D:4      | Reached XP level 6. HP: 34/50 MP: 6/6
  3216 | D:4      | Reached skill level 5 in Fighting
  3216 | D:4      | Reached skill level 5 in Polearms
  3225 | D:4      | HP: 2/51 [gnoll sergeant/+3 spear (11)]
  3931 | D:4      | Noticed Blork the orc
  3958 | D:4      | Killed Blork the orc
  3959 | D:4      | Reached XP level 7. HP: 32/56 MP: 7/7
  4409 | D:4      | Slain by an ogre

Illustrated notes

Levels and vault maps discovered:
D:1:      heliophobic_arrival_battle_scene, layout_basic,
          shapermc_ecumenical_altar_mp_vishouse, serial_shops, shop,
          nicolae_shop_hallway_stairs, nicolae_shop_competitors_out_of_business,
          nicolae_shop_behind_doors, shop, moated_statue, moated_statue,
          minmay_lizard_pond
D:2:      layout_loops_ring, minmay_misc_feat_square
D:3:      layout_rooms, amcnicky_altar_gilded, gammafunk_ghost_split,
          hangedman_decor_growths, minmay_goblin_outpost
D:4:      layout_basic, beargit_hepliaklqana_dungeon_heroes,
          mainiacjoe_overflow_boulevard, zin_purify, temple_hall,
          lightli_minifort, uniq_robin, uniq_sigmund, uniq_blork_the_orc

Skill      XL: |  1  2  3  4  5  6 |
---------------+-------------------+-----
Polearms       | 3 4 5 |  5.6
Fighting       | 3 4 5 |  5.7
Throwing       | |  1.7
Dodging        | |  2.6

Action                   |  1- 3 |  4- 6 |  7- 9 || total
-------------------------+-------+-------+-------++-------
Melee: Trident           |   149 |   163 |    39 ||   351
       Punch             |     2 |       |       ||     2
Throw: Dart              |       |     5 |       ||     5
  Use: Potion            |       |    10 |     1 ||    11
       Scroll            |       |       |     5 ||     5
 Stab: Sleeping          |     3 |       |       ||     3
       Distracted        |       |       |     1 ||     1
Armor: Leather armour    |    39 |     3 |       ||    42
       Ring mail         |       |    46 |     6 ||    52
Dodge: Dodged            |    87 |   110 |     9 ||   206
Block: Other             |       |     5 |     2 ||     7

Table legend: (Time is in decaauts)
 A = Elapsed time spent in this place.
 B = Non-inter-level travel time spent in this place.
 C = Inter-level travel time spent in this place.
 D = Time resting spent in this place.
 E = Time spent auto-exploring this place.
 F = Levels seen in this place.
 G = Mean time per level.
                   A        B        C        D        E       F      G
               +--------+--------+--------+--------+--------+-----+--------+
         Total |   4454 |   4418 |     36 |   1459 |   1885 |   4 | 1113.5 |
       Dungeon |   4454 |   4418 |     36 |   1459 |   1885 |   4 | 1113.5 |
               +--------+--------+--------+--------+--------+-----+--------+

Top non-repeatable levels by time:
     D:3: 1354 daAuts
     D:4: 1261 daAuts
     D:2: 961 daAuts
     D:1: 878 daAuts
